General information
- name: BNet
- type: Ladder team game (AT/RT)
- host: Battle.net
- saver: sc2no.wc4yes
map: Cherryville
- players: 8
- length: 13:59
- speed: Fast
- version: 1.26 W3XP
- replay type: Public
» download(95 KB)
Players
team 1 (loser)

»
LoNgBeAch_Qc (
yellow | 59 APM | 779 actions | 13:12)
3 Death Knight
2 Death Coil
1 Unholy Aura
1 Lich
1 Frost Nova
» actions
| Assign group hotkey | 11 | |
| Basic commands | 3 | |
| Build / train | 45 | |
| ESC pressed | 9 | |
| Enter build submenu | 13 | |
| Enter hero's abilities submenu | 4 | |
| Right click | 414 | |
| Select / deselect | 144 | |
| Select group hotkey | 93 | |
| Use ability | 43 | |
779 total
» units
| Acolyte | 14 | |
| Ghoul | 5 | |
| Crypt Fiend | 10 | |
29 total
» upgrades
| Creature Attack | 1 | |
| Creature Carapace | 1 | |
| Web | 1 | |
3 total
» buildings
| Crypt | 1 | |
| Graveyard | 1 | |
| Ziggurat | 5 | |
| Altar of Darkness | 1 | |
| Tomb of Relics | 1 | |
| Nerubian Tower | 1 | |
| Spirit Tower | 2 | |
| Halls of the Dead | 1 | |
| Sacrificial Pit | 1 | |
| Black Citadel | 1 | |
15 total
» build order
00:20 Crypt
00:25 Graveyard
00:35 Ziggurat
00:42 Altar of Darkness
00:58 Tomb of Relics
01:10 Ziggurat
01:30 Nerubian Tower
03:59 Ziggurat
05:36 Ziggurat
05:53 Spirit Tower
05:56 Spirit Tower
08:08 Halls of the Dead
09:51 Ziggurat
11:37 Sacrificial Pit
11:44 Black Citadel
» items
| Rod of Necromancy | 1 | |
| Potion of Healing | 1 | |
2 total
phyer (
purple | 63 APM | 796 actions | 12:35)
2 Blademaster
1 Wind Walk
1 Critical Strike
1 Shadow Hunter
1 Hex
» actions
| Assign group hotkey | 15 | |
| Basic commands | 1 | |
| Build / train | 39 | |
| Enter build submenu | 16 | |
| Enter hero's abilities submenu | 3 | |
| Remove unit from queue | 1 | |
| Right click | 365 | |
| Select / deselect | 164 | |
| Select group hotkey | 125 | |
| Use ability | 67 | |
796 total
» units
» upgrades
| Berserker Strength | 1 | |
| Shaman Training | 1 | |
| Ensnare | 1 | |
3 total
» buildings
| Altar of Storms | 1 | |
| Orc Burrow | 5 | |
| Barracks | 1 | |
| Voodoo Lounge | 2 | |
| Stronghold | 1 | |
| Spirit Lodge | 1 | |
| Beastiary | 2 | |
| War Mill | 1 | |
14 total
» build order
00:10 Altar of Storms
00:16 Orc Burrow
01:20 Barracks
01:30 Orc Burrow
02:29 Orc Burrow
04:02 Voodoo Lounge
04:50 Stronghold
04:57 Voodoo Lounge
05:34 Orc Burrow
07:49 Spirit Lodge
09:28 Beastiary
09:32 Beastiary
09:35 Orc Burrow
11:46 War Mill
» items
| Healing Salve | 2 | |
| Lesser Clarity Potion | 1 | |
3 total

»
MoistSandwich (
pink | 48 APM | 648 actions | 13:36)
4 Archmage
2 Summon Water Elemental
2 Brilliance Aura
» actions
| Assign group hotkey | 15 | |
| Basic commands | 26 | |
| Build / train | 51 | |
| Enter build submenu | 20 | |
| Enter hero's abilities submenu | 4 | |
| Right click | 238 | |
| Select / deselect | 170 | |
| Select group hotkey | 79 | |
| Use ability | 45 | |
648 total
» units
| Peasant | 12 | |
| Footman | 10 | |
| Goblin Shredder | 2 | |
| Priest | 3 | |
27 total
» upgrades
| Masonry | 2 | |
| Swords | 1 | |
| Defend | 1 | |
| Lumber Harvesting | 1 | |
| Plating | 1 | |
| Priest Training | 1 | |
| Gunpowder | 1 | |
| Armor | 1 | |
9 total
» buildings
| Altar of Kings | 1 | |
| Farm | 7 | |
| Barracks | 1 | |
| Lumber Mill | 1 | |
| Scout Tower | 7 | |
| Arcane Tower | 3 | |
| Keep | 1 | |
| Blacksmith | 2 | |
| Town Hall | 1 | |
| Castle | 1 | |
| Guard Tower | 3 | |
| Arcane Vault | 1 | |
| Arcane Sanctum | 1 | |
30 total
» build order
00:06 Altar of Kings
00:11 Farm
00:52 Barracks
01:36 Farm
01:42 Lumber Mill
01:48 Scout Tower
01:54 Scout Tower
02:36 Arcane Tower
03:10 Arcane Tower
03:31 Farm
04:11 Keep
05:05 Blacksmith
05:10 Farm
05:14 Scout Tower
06:04 Arcane Tower
06:31 Town Hall
08:17 Scout Tower
08:18 Scout Tower
08:22 Scout Tower
08:57 Castle
09:00 Guard Tower
09:05 Arcane Vault
09:10 Arcane Sanctum
09:20 Farm
09:22 Farm
09:23 Farm
10:43 Guard Tower
10:44 Guard Tower
10:58 Scout Tower
12:04 Blacksmith
» items
| Scroll of Town Portal | 1 | |
| Potion of Healing | 1 | |
2 total
incboom (
green | 24 APM | 339 actions | 13:55)
3 Shadow Hunter
1 Hex
2 Serpent Ward
» actions
| Assign group hotkey | 45 | |
| Basic commands | 32 | |
| Build / train | 37 | |
| ESC pressed | 1 | |
| Enter build submenu | 17 | |
| Enter hero's abilities submenu | 3 | |
| Right click | 24 | |
| Select / deselect | 90 | |
| Select group hotkey | 41 | |
| Use ability | 49 | |
339 total
» units
| Peon | 10 | |
| Grunt | 4 | |
| Troll Headhunter/Berserker | 7 | |
| Wind Rider | 2 | |
23 total
» upgrades
| Armor | 1 | |
| Melee Weapons | 1 | |
| Ranged Weapons | 1 | |
| Berserker Upgrade | 1 | |
| Envenomed Spears | 1 | |
5 total
» buildings
| Orc Burrow | 5 | |
| Altar of Storms | 1 | |
| Barracks | 1 | |
| War Mill | 1 | |
| Voodoo Lounge | 1 | |
| Watch Tower | 6 | |
| Stronghold | 1 | |
| Fortress | 1 | |
| Beastiary | 2 | |
19 total
» build order
00:37 Orc Burrow
00:52 Altar of Storms
01:07 Barracks
01:34 Orc Burrow
02:35 War Mill
02:52 Orc Burrow
03:13 Voodoo Lounge
04:44 Watch Tower
04:46 Stronghold
06:41 Watch Tower
07:45 Fortress
07:50 Beastiary
08:05 Beastiary
08:09 Watch Tower
08:12 Watch Tower
08:14 Watch Tower
08:20 Watch Tower
08:52 Orc Burrow
11:23 Orc Burrow
» items
| Dust of Appearance | 1 | |
| Healing Salve | 1 | |
| Scroll of Town Portal | 1 | |
3 total
team 2 (winner)

»
Shuy.Alanis (
blue | 61 APM | 846 actions | 13:56)
3 Blademaster
2 Wind Walk
1 Critical Strike
1 Shadow Hunter
1 Healing Wave
» actions
| Assign group hotkey | 12 | |
| Build / train | 40 | |
| Enter build submenu | 15 | |
| Enter hero's abilities submenu | 4 | |
| Give item / drop item | 1 | |
| Remove unit from queue | 2 | |
| Right click | 468 | |
| Select / deselect | 188 | |
| Select group hotkey | 84 | |
| Use ability | 32 | |
846 total
» units
» upgrades
| Ranged Weapons | 0 | |
| Melee Weapons | 3 | |
| Armor | 2 | |
| Shaman Training | 2 | |
| Pulverize | 1 | |
8 total
» buildings
| Altar of Storms | 1 | |
| Orc Burrow | 7 | |
| Stronghold | 1 | |
| War Mill | 1 | |
| Fortress | 1 | |
| Spirit Lodge | 1 | |
| Voodoo Lounge | 1 | |
| Tauren Totem | 2 | |
15 total
» build order
00:11 Altar of Storms
00:17 Orc Burrow
01:35 Orc Burrow
02:27 Stronghold
02:31 War Mill
04:32 Orc Burrow
05:05 Fortress
05:18 Spirit Lodge
05:27 Voodoo Lounge
05:29 Orc Burrow
07:01 Orc Burrow
07:35 Tauren Totem
07:45 Tauren Totem
07:57 Orc Burrow
08:47 Orc Burrow
» items
| Healing Salve | 1 | |
| Scroll of Town Portal | 1 | |
2 total

»
sc2no.wc4yes (
red | 96 APM | 1347 actions | 13:59)
4 Death Knight
2 Death Coil
2 Unholy Aura
3 Lich
2 Frost Nova
1 Dark Ritual
» actions
| Assign group hotkey | 70 | |
| Basic commands | 12 | |
| Build / train | 45 | |
| Enter build submenu | 21 | |
| Enter hero's abilities submenu | 7 | |
| Right click | 519 | |
| Select / deselect | 181 | |
| Select group hotkey | 435 | |
| Use ability | 57 | |
1347 total
» units
| Acolyte | 2 | |
| Ghoul | 4 | |
| Gargoyle | 11 | |
| Frost Wyrm | 3 | |
20 total
» upgrades
| Creature Attack | 2 | |
| Creature Carapace | 3 | |
| Freezing Breath | 1 | |
6 total
» buildings
| Crypt | 5 | |
| Ziggurat | 10 | |
| Halls of the Dead | 2 | |
| Graveyard | 1 | |
| Altar of Darkness | 1 | |
| Tomb of Relics | 1 | |
| Black Citadel | 1 | |
| Sacrificial Pit | 1 | |
| Boneyard | 3 | |
25 total
» build order
00:15 Crypt
00:17 Ziggurat
01:29 Halls of the Dead
01:30 Halls of the Dead
01:39 Graveyard
01:57 Altar of Darkness
02:12 Ziggurat
02:32 Ziggurat
02:49 Crypt
02:51 Crypt
02:54 Crypt
02:59 Crypt
03:04 Ziggurat
03:14 Tomb of Relics
04:11 Black Citadel
05:05 Sacrificial Pit
06:44 Boneyard
06:45 Boneyard
07:23 Ziggurat
07:24 Ziggurat
07:24 Ziggurat
13:27 Ziggurat
13:28 Boneyard
13:29 Ziggurat
13:30 Ziggurat
» items
| Rod of Necromancy | 1 | |
| Dust of Appearance | 1 | |
| Orb of Corruption | 1 | |
| Scroll of Healing | 1 | |
| Scroll of Town Portal | 2 | |
| Potion of Healing | 1 | |
7 total

»
Gwn (
orange | 46 APM | 644 actions | 13:56)
4 Warden
1 Shadow Strike
2 Fan of Knives
1 Blink
» actions
| Assign group hotkey | 15 | |
| Basic commands | 46 | |
| Build / train | 68 | |
| Enter build submenu | 16 | |
| Enter hero's abilities submenu | 4 | |
| Right click | 264 | |
| Select / deselect | 132 | |
| Select group hotkey | 66 | |
| Use ability | 33 | |
644 total
» units
| Wisp | 25 | |
| Huntress | 5 | |
| Dryad | 8 | |
| Druid of the Talon | 4 | |
| Faerie Dragon | 2 | |
44 total
» upgrades
| Ultravision | 1 | |
| Abolish Magic | 1 | |
| Strength of the Wild | 1 | |
| Nature's Blessing | 1 | |
| Druid of the Talon Training | 1 | |
| Reinforced Hides | 2 | |
7 total
» buildings
| Altar of Elders | 1 | |
| Moon Well | 7 | |
| Hunter's Hall | 1 | |
| Ancient of War | 1 | |
| Ancient of Wonders | 1 | |
| Tree of Ages | 5 | |
| Ancient of Lore | 2 | |
| Ancient of Wind | 2 | |
| Tree of Life | 1 | |
| Tree of Eternity | 1 | |
22 total
» build order
00:18 Altar of Elders
00:25 Moon Well
01:20 Hunter's Hall
01:51 Ancient of War
02:09 Ancient of Wonders
02:37 Moon Well
02:39 Moon Well
02:40 Moon Well
03:39 Tree of Ages
03:39 Tree of Ages
03:39 Tree of Ages
03:40 Tree of Ages
06:11 Ancient of Lore
06:15 Ancient of Lore
06:19 Ancient of Wind
06:26 Ancient of Wind
07:22 Tree of Life
08:34 Moon Well
08:35 Moon Well
08:46 Moon Well
11:45 Tree of Eternity
» items
| Moonstone | 1 | |
| Dust of Appearance | 1 | |
2 total

»
DomGeorgiou (
teal | 34 APM | 478 actions | 13:56)
2 Keeper of the Grove
1 Entangling Roots
1 Thorns Aura
» actions
| Basic commands | 19 | |
| Build / train | 18 | |
| Enter build submenu | 8 | |
| Enter hero's abilities submenu | 2 | |
| Right click | 193 | |
| Select / deselect | 217 | |
| Use ability | 21 | |
478 total
» units
» buildings
| Altar of Elders | 1 | |
| Moon Well | 2 | |
| Hunter's Hall | 1 | |
| Ancient of War | 1 | |
| Ancient Protector | 3 | |
8 total
» build order
00:15 Altar of Elders
00:21 Moon Well
07:01 Hunter's Hall
07:18 Ancient of War
07:25 Moon Well
08:11 Ancient Protector
08:21 Ancient Protector
11:02 Ancient Protector
Chat log
(00:29 / Allies) sc2no.wc4yes: 300 gold 200 wood pls
(00:30 / Allies) Shuy.Alanis: :)
(00:52 / Allies) sc2no.wc4yes: thx
(00:56 / Allies) DomGeorgiou: ill feed u
(00:58 / Allies) Gwn: units?
(01:11 / Allies) Shuy.Alanis: shaman n tauren
(02:41 / Allies) Gwn: ty
(02:47 / Allies) Shuy.Alanis: ;)
(02:55 / Allies) Shuy.Alanis: np
(03:32 / Allies) sc2no.wc4yes: keep that gold comin
(03:51 / Allies) sc2no.wc4yes: gogogo gold me now is when i need it
(04:32 / Allies) Gwn: get sombary protectors
(04:42 / Allies) DomGeorgiou: ur fukn hero stuck
(05:57 / Allies) DomGeorgiou: nice
(06:51 / All) Shuy.Alanis: shit
(07:01 / All) incboom: beware the voodoo
(07:07 / All) Shuy.Alanis: haha
(07:35 / Allies) sc2no.wc4yes: godl pls
(08:17 / Allies) sc2no.wc4yes: feed me bfore i break 50 food
(09:41 / Allies) Shuy.Alanis: teal is noob
(09:46 / Allies) Shuy.Alanis: he has no units
(09:47 / Allies) sc2no.wc4yes: hes feeding retard
(09:51 / Allies) sc2no.wc4yes: durrrr
(09:52 / Allies) Gwn: yep
(09:58 / Allies) Gwn: hes feeding
(10:04 / Allies) sc2no.wc4yes: ill tp im a minute
(10:52 / Allies) DomGeorgiou: tyu
(12:18 / All) sc2no.wc4yes: wyvs?
(12:19 / All) sc2no.wc4yes: really?
(12:42 / All) sc2no.wc4yes: Rt noobs dont know bout dat garg feed
(12:44 / All) LoNgBeAch_Qc: gg well played red
(12:49 / All) LoNgBeAch_Qc: but i had sucky allys
(13:01 / Allies) DomGeorgiou: lol
(13:05 / Allies) DomGeorgiou: lets at
(13:06 / All) incboom: hahah your garbage when did you help with web noob
(13:14 / All) sc2no.wc4yes: web doesnt counter garg feed
(13:18 / All) sc2no.wc4yes: your orcs were rtards fo rnot getting bats
(13:49 / All) incboom: no lil child with a big mouth purple was suppose to but i hope that made you feel big